 Dungeon Crawl Stone Soup version 0.27-a0-1180-g7fc4abc71e (webtiles) character file.

Game seed: 3969832315380821255

23 Glokmah the Skirmisher (level 2, -4/24 HPs)
             Began as a Demonspawn Abyssal Knight on May 17, 2021.
             Was an Initiate of Lugonu.
             Slain by a gnoll
             ... wielding a +0 halberd
              (12 damage)
             ... on level 1 of the Dungeon.
             The game lasted 00:03:09 (1134 turns).

Glokmah the Skirmisher (Demonspawn Abyssal Knight)  Turns: 1134, Time: 00:03:11

Health: -4/24      AC:  4    Str: 12      XL:     2   Next: 75%
Magic:  4/4        EV: 11    Int: 10 (13) God:    Lugonu [......]
Gold:   99         SH:  0    Dex:  9 (12) Spells: 1/1 levels left

rFire    . . .     SeeInvis .   a - +0 dagger (elec)
rCold    . . .     Faith    .   (no shield)
rNeg     . . .     Spirit   .   b - +1 leather armour
rPois    .         Reflect  .   (no helmet)
rElec    .         Harm     .   (no cloak)
rCorr    .         Rampage  .   (no gloves)
Will     .....                  (no boots)
Stlth    +.........             (no amulet)
HPRegen  0.08/turn              (no ring)
MPRegen  0.09/turn              (no ring)

@: unable to read
A: claws 1, [deterioration 2], [inability to read while threatened]
a: Renounce Religion


You were on level 1 of the Dungeon.
You worshipped Lugonu.
Lugonu was noncommittal.
You visited 1 branch of the dungeon, and saw 2 of its levels.
You visited the Abyss 1 time.

You collected 99 gold pieces.

Inventory:

Hand Weapons
 a - a +0 dagger of electrocution (weapon)
 f - a +0 halberd
 h - a +1 hand axe
 j - a +4 whip
Armour
 b - a +1 leather armour (worn)
Jewellery
 d - a ring of poison resistance
Scrolls
 i - a scroll of noise
Potions
 c - a potion of invisibility {unknown}
 e - a potion of curing {unknown}
 g - a potion of heal wounds {unknown}
 l - a potion of attraction {unknown}


   Skills:
 + Level 3.2 Fighting
 * Level 1.2 Short Blades
 - Level 1.8(1.9) Axes
 + Level 0.2(1.1) Maces & Flails
 - Level 1.7 Armour
 - Level 0.8 Dodging
 + Level 3.0 Invocations


You had one spell level left.
You didn't know any spells.
Your spell library contained the following spells:

 Spells                   Type           Power      Damage    Failure   Level
 Magic Dart               Conj           0%         1d3       43%         1
 Blink                    Tloc           N/A        N/A       58%         2
 Call Imp                 Summ           0%         N/A       58%         2
 Slow                     Hex            0%         N/A       58%         2
 Conjure Flame            Conj/Fire      0%         6-21      82%         3
 Mephitic Cloud           Conj/Pois/Air  0%         N/A       82%         3


Dungeon Overview and Level Annotations

Branches:
Dungeon (2/15)

Altars:


Innate Abilities, Weirdness & Mutations

You have sharp fingernails.
[Your body often deteriorates upon taking damage.]
[You sometimes lose the ability to read scrolls when taking damage.]


Message History

You feel threatened and lose the ability to read scrolls!
* * * LOW HITPOINT WARNING * * *
You barely miss the frilled lizard. The frilled lizard barely misses you.
The frilled lizard barely misses you.
You completely miss the frilled lizard.
You can read scrolls again.
The frilled lizard misses you.
You hit the frilled lizard.
The frilled lizard is heavily wounded.
The frilled lizard bites you.
You feel threatened and lose the ability to read scrolls!
* * * LOW HITPOINT WARNING * * *
Your body deteriorates!
You feel dopey.
You hit the frilled lizard.
You kill the frilled lizard!
Lugonu accepts your kill.
You start resting.
You can read scrolls again.
You start resting.
HP restored.
There is a stone staircase leading down, spattered with blood here.
You climb downwards.
The gnoll barely misses you. The rat barely misses you.
The gnoll hits you with a +0 halberd.
Your body deteriorates!
You feel dopey.
There is a stone staircase leading up here.
The rat completely misses you. The gnoll hits you with a +0 halberd.
You climb upwards.
There is a stone staircase leading down, spattered with blood here.
You hit the gnoll.
The gnoll is moderately wounded.
The rat bites you but does no damage. The gnoll hits you with a +0 halberd!
You feel threatened and lose the ability to read scrolls!
Your body deteriorates!
You feel dopey.
You barely miss the gnoll.
The gnoll is moderately wounded.
You can read scrolls again.
The rat closely misses you. The gnoll hits you with a +0 halberd!
You feel threatened and lose the ability to read scrolls!
Ouch! That really hurt!
You die...

.######......##......### #..#
....#####..#.##..###...# #..#
.##.##.................#####..###
....##..............##....###...#
................................#
##.#................##.....##.#.#
#..................###.......#.#
#...##........r........####..#.#
##............##@...##### #.##.#
...##..###.....g÷...## #.##.#
.................##..#######.##.#
.......(.#.......###.........##.#
...###...................######.#
...###...#......###.............#
...#...#........###......########
.###.####................# ## #.#
#.#.#######......#


You could see a gnoll and a rat.

Vanquished Creatures
  A bat (D:2)
  2 endoplasms
  5 goblins (D:1)
  3 hobgoblins
  2 kobolds (D:1)
  A quokka (D:1)
  2 ball pythons (D:1)
  2 frilled lizards (D:1)
  2 rats
20 creatures vanquished.

Notes
Turn   | Place    | Note
-------+----------+-------------------------------------------
     0 | Abyss:1  | Glokmah the Demonspawn Abyssal Knight began the quest for
                  | the Orb.
     0 | Abyss:1  | Reached XP level 1. HP: 18/18 MP: 2/2
    73 | Abyss:2  | Noticed a wretched star
    73 | Abyss:2  | Noticed a chaos spawn
    73 | Abyss:2  | Noticed a wretched star
    78 | D:1      | Escaped the Abyss
   170 | D:1      | Found a faded altar of an unknown god.
   255 | D:1      | Gained mutation: You have sharp fingernails. [demonic
                  | ancestry]
   255 | D:1      | Reached XP level 2. HP: 16/24 MP: 4/4
   432 | D:1      | Reached skill level 1 in Short Blades
  1134 | D:1      | Slain by a gnoll

Illustrated notes

Levels and vault maps discovered:
D:1:      amcnicky_arrival_choice, layout_rooms,
          shapermc_ecumenical_altar_starsandcircs
D:2:      layout_rooms, basic_altar, uniq_crazy_yiuf_cottage

Skill      XL: |  1  2 |
---------------+-------+-----
Short Blades   | 1 |  1.2
Invocations    | 3 |  3.0
Fighting       | |  3.2
Axes           | |  1.8
Maces & Flails | |  0.2
Armour         | |  1.7
Dodging        | |  0.8

Action                   || total
-------------------------++-------
Melee: Dagger            ||    77
       Hand axe          ||     2
Invok: Depart the Abyss  ||     1
  Use: Scroll            ||     5
Armor: Leather armour    ||    19
Dodge: Dodged            ||    51

Table legend: (Time is in decaauts)
 A = Elapsed time spent in this place.
 B = Non-inter-level travel time spent in this place.
 C = Inter-level travel time spent in this place.
 D = Time resting spent in this place.
 E = Time spent auto-exploring this place.
 F = Levels seen in this place.
 G = Mean time per level.
                   A        B        C        D        E       F      G
               +--------+--------+--------+--------+--------+-----+--------+
         Total |   1132 |   1098 |     34 |    263 |    527 |   4 |  283.0 |
       Dungeon |   1054 |   1020 |     34 |    263 |    527 |   2 |  527.0 |
         Abyss |     77 |     77 |      0 |      0 |      0 |   2 |   38.5 |
               +--------+--------+--------+--------+--------+-----+--------+

Top non-repeatable levels by time:
     D:1: 991 daAuts
 Abyss:2: 63 daAuts
     D:2: 62 daAuts
 Abyss:1: 14 daAuts
